 Dungeon Crawl Stone Soup version 0.25.1-2-g60ff931df9 (webtiles) character file.

Game seed: 15676468327159489146

401 Exodus22XD the Poker (level 6, -4/47 HPs)
             Began as a Demonspawn Gladiator on Oct 31, 2020.
             Killed from afar by Dowan (22 damage)
             ... with a shard of ice
             ... on level 4 of the Dungeon.
             The game lasted 00:04:21 (2328 turns).

Exodus22XD the Poker (Demonspawn Gladiator)         Turns: 2328, Time: 00:04:22

Health: -4/47      AC:  9    Str: 16    XL:     6   Next: 54%
Magic:  6/6        EV: 12    Int: 10    God:
Gold:   99         SH:  4    Dex: 14    Spells: 5/5 levels left

rFire    + + .     SeeInvis .   a - +0 trident
rCold    . . .     Gourm    .   n - +0 buckler
rNeg     . . .     Faith    .   u - +3 leather armour of Tinwy {rElec rF++}
rPois    .         Spirit   .   c - +0 helmet
rElec    +         Reflect  .   (no cloak)
rCorr    +         Harm     .   (no gloves)
MR       .....                  (no boots)
Stlth    ++........             (no amulet)
HPRegen  0.15/turn              j - ring of resist corrosion
MPRegen  0.10/turn              (no ring)

@: no status effects
A: icy blue scales 1, demonic guardian 1, foul stench 1, rot immunity
a: no special abilities


You were on level 4 of the Dungeon.
You were hungry.

You visited 1 branch of the dungeon, and saw 3 of its levels.

You collected 99 gold pieces.

Inventory:

Hand Weapons
 a - a +0 trident (weapon)
Missiles
 d - 3 throwing nets (quivered)
Armour
 c - a +0 helmet (worn)
 n - a +0 buckler (worn)
 u - the +3 leather armour of Tinwy (worn) {rElec rF++}
   (You found it on level 4 of the Dungeon)

   It greatly protects you from fire.
   It insulates you from electricity.
Jewellery
 j - a ring of resist corrosion (left hand)
Scrolls
 g - a scroll of enchant weapon {unknown}
 h - 2 scrolls of teleportation {unknown}
 p - a scroll of fog {unknown}
 q - 4 scrolls of identify {unknown}
 r - 2 scrolls of remove curse {unknown}
 s - a scroll of noise {unknown}
 t - a scroll of fear {unknown}
Potions
 e - a potion of invisibility {unknown}
 i - 4 potions of brilliance {unknown}
 l - a potion of cancellation {unknown}
 m - a potion of heal wounds {unknown}
 o - 2 potions of magic {unknown}
Comestibles
 f - 7 rations


   Skills:
 + Level 3.0 Fighting
 + Level 4.6 Polearms
 - Level 1.7 Throwing
 + Level 2.3 Armour
 - Level 3.2 Dodging
 + Level 1.5 Stealth
 * Level 2.1 Shields


You had 5 spell levels left.
You didn't know any spells.
Your spell library contained the following spells:

 Spells                   Type           Power        Failure   Level  Hunger
 Beastly Appendage        Tmut           #.....       50%         1    ##.....
 Sticks to Snakes         Tmut           #.......     65%         2    ###....
 Spider Form              Tmut/Pois      #.........   86%         3    ####...
 Ice Form                 Ice/Tmut       #.......     99%         4    #####..
 Blade Hands              Tmut           #.........   100%        5    ######.


Dungeon Overview and Level Annotations

Branches:
Dungeon (4/15)
 Temple: D:4-7

Altars:
Gozag
Okawaru
Zin

Annotations:
D:4 Dowan


Innate Abilities, Weirdness & Mutations

You are partially covered in icy blue scales. (AC +2)
A weak demonic guardian rushes to your aid.
You may emit foul miasma when damaged in melee.
You are immune to rotting.


Message History

Dowan is almost dead.
The orc wizard mumbles some strange words.
The orc wizard flickers and vanishes!
Deactivating autopickup; reactivate with Ctrl-A.
Dowan casts a spell.
Dowan seems to speed up.
You closely miss Dowan.
Dowan is almost dead.
Dowan casts a spell at you. The shard of ice hits you!
You hit Dowan but do no damage.
Dowan is almost dead.
Dowan barely misses you.
Dowan breathes, "And she was my only..."
You block Dowan's attack.
You hit Dowan but do no damage.
Dowan is almost dead.
Dowan points at you and mumbles some strange words.
The shard of ice hits you!!
You die...

################
#.......@eo#...#
#.########.#...##########
#>..................
#.#5#........#######
#.#.########)#
########'#........).###
#.........#######.....#
#.........# #.....#
#)........# #..[..#


You could see Dowan (fast) and an orc.

Vanquished Creatures
  Edmund (D:4)
  A scorpion (D:4)
  An orc priest (D:4)
  A worker ant (D:4)
  Robin (D:2)
  An adder (D:2)
  2 dart slugs (D:1)
  3 leopard geckos
  7 orcs (D:4)
  3 ball pythons (D:1)
  4 bats
  2 giant cockroaches (D:1)
  7 goblins
  3 hobgoblins
  A kobold (D:2)
  7 rats
45 creatures vanquished.

Vanquished Creatures (collateral kills)
  Duvessa (D:4)
  2 orc wizards (D:4)
  2 orc priests (D:4)
  An iguana (D:4)
  An adder zombie (D:4)
  4 goblins (D:2)
11 creatures vanquished.

Grand Total: 56 creatures vanquished

Notes
Turn   | Place    | Note
-------+----------+-------------------------------------------
     0 | D:1      | Exodus22XD the Demonspawn Gladiator began the quest for the
                  | Orb.
     0 | D:1      | Reached XP level 1. HP: 16/16 MP: 1/1
   172 | D:1      | Gained mutation: A weak demonic guardian rushes to your
                  | aid. [demonic ancestry]
   172 | D:1      | Reached XP level 2. HP: 22/22 MP: 2/2
   221 | D:1      | Reached skill level 3 in Polearms
   804 | D:2      | Noticed Robin
   808 | D:2      | Reached XP level 3. HP: 27/27 MP: 3/3
  1064 | D:2      | Killed Robin
  1319 | D:2      | Found an iron altar of Okawaru.
  1383 | D:2      | You fall into a shaft and drop 2 floors!
  1401 | D:4      | Got a black opal-encrusted leather armour
  1412 | D:4      | Identified the +3 leather armour of Tinwy {rElec rF++} (You
                  | found it on level 4 of the Dungeon)
  1461 | D:4      | Noticed a scorpion
  1479 | D:4      | Reached skill level 1 in Stealth
  1479 | D:4      | Gained mutation: You are partially covered in icy blue
                  | scales. (AC +2) [demonic ancestry]
  1479 | D:4      | Reached XP level 4. HP: 12/34 MP: 4/4
  1482 | D:4      | Reached skill level 1 in Armour
  1482 | D:4      | Reached skill level 1 in Shields
  1693 | D:4      | Noticed Edmund
  1706 | D:4      | Killed Edmund
  1706 | D:4      | Reached skill level 4 in Polearms
  1706 | D:4      | Gained mutation: You are immune to rotting. [demonic
                  | ancestry]
  1706 | D:4      | Reached XP level 5. HP: 19/39 MP: 5/5
  2049 | D:4      | Gained mutation: You may emit foul miasma when damaged in
                  | melee. [demonic ancestry]
  2049 | D:4      | Reached XP level 6. HP: 46/46 MP: 6/6
  2194 | D:4      | Found a glowing silver altar of Zin.
  2196 | D:4      | Found an opulent altar of Gozag.
  2230 | D:4      | Noticed Duvessa
  2231 | D:4      | Noticed Dowan
  2265 | D:4      | Killed Duvessa
  2328 | D:4      | Killed from afar by Dowan

Illustrated notes

Levels and vault maps discovered:
D:1:      onia_arrival_handbag, layout_loops_ring, minivault_14
D:2:      layout_rooms, nicolae_ru_sacrificial_ziggurat,
          okawaru_ov_weapons_minmay, uniq_robin
D:4:      layout_basic, lemuel_doored_altar,
          grunt_temple_overflow_gold_and_silver, uniq_edmund, uniq_duvessa

Skill      XL: |  1  2  3  4  5  6 |
---------------+-------------------+-----
Dodging        | 3 |  3.2
Polearms       | 3 4 |  4.6
Stealth        | 1 |  1.5
Armour         | 1 2 |  2.3
Shields        | 1 2 |  2.1
Fighting       | 3 |  3.0
Throwing       | |  1.7

Action                   |  1- 3 |  4- 6 || total
-------------------------+-------+-------++-------
Melee: Trident           |   141 |    73 ||   214
  Use: Potion            |     1 |     1 ||     2
 Stab: Sleeping          |     4 |       ||     4
  Eat: Chunk             |     1 |     3 ||     4
Armor: Leather armour    |    41 |    13 ||    54
Dodge: Dodged            |   111 |    29 ||   140
Block: Buckler           |    16 |     5 ||    21
